 Dungeon Crawl Stone Soup version 0.29.1-15-g9cfb28693d (webtiles) character file.

Game seed: 10392981707191875667

223 zeram the Chopper (level 6, -3/51 HPs)
             Began as a Hill Orc Fighter on Apr 7, 2023.
             Killed by nerve-wracking pain
             ... invoked by Grinder
              (9 damage)
             ... on level 4 of the Dungeon.
             The game lasted 00:04:53 (3424 turns).

zeram the Chopper (Hill Orc Fighter)                Turns: 3424, Time: 00:04:53

Health: -3/51      AC: 13    Str: 21    XL:     6   Next: 0%
Magic:  6/6        EV:  6    Int:  8    God:
Gold:   127        SH:  4    Dex: 10    Spells: 5/5 levels left

rFire   . . .      SeeInvis .   a - +0 war axe
rCold   + . .      Faith    .   c - +0 buckler
rNeg    . . .      Spirit   .   d - +0 plate armour
rPois   .          Reflect  .   (no helmet)
rElec   .          Harm     .   i - scarf {+Inv}
rCorr   .          Rampage  .   j - +0 pair of gloves
Will    .....                   (no boots)
Stlth   ..........              (no amulet)
HPRegen 0.17/turn               h - ring of flight
MPRegen 0.10/turn               l - ring of protection from cold

@: flying
A: no striking features
a: Evoke Invisibility


You were on level 4 of the Dungeon.
You visited 1 branch of the dungeon, and saw 4 of its levels.

You collected 127 gold pieces.

Inventory:

Hand Weapons
 a - a +0 war axe (weapon)
Armour
 b - a +0 scale mail
 c - a +0 buckler (worn)
 d - a +0 plate armour (worn)
 i - a scarf of invisibility (worn)
 j - a +0 pair of gloves (worn)
 o - a +0 pair of gloves
Jewellery
 h - a ring of flight (left hand)
 l - a ring of protection from cold (right hand)
Scrolls
 e - 2 scrolls of teleportation {unknown}
 f - a scroll of magic mapping
 p - a scroll of fear {unknown}
 s - a scroll of enchant armour {unknown}
 t - a scroll of vulnerability {unknown}
Potions
 k - a potion of mutation {unknown}


   Skills:
 - Level 3.6 Fighting
 + Level 5.7 Axes
 + Level 4.7 Armour
 + Level 0.9 Dodging
 + Level 4.2 Shields


You had 5 spell levels left.
You didn't know any spells.
Your spell library contained the following spells:

 Spells                   Type           Power      Damage    Failure   Level
 Tukima's Dance           Hex            0%         N/A       100%        3
 Passage of Golubria      Tloc           0%         N/A       100%        4
 Yara's Violent Unravell  Hex/Tmut       0%         3d3       100%        5


Dungeon Overview and Level Annotations

Branches:
Dungeon (4/15)             Temple (0/1) D:4

Altars:
Trog
Wu Jian

Shops:
D:1 *

Annotations:
D:4 Grinder


Message History

You cannot move.
Unknown command.
You cannot move.
You start resting.
Your transformation is almost over.
You feel yourself slow down.
You start resting.
You feel less wooden.
Your scarf of invisibility unmelds from your body.
Your +0 pair of gloves unmelds from your body.
Your +0 scale mail unmelds from your body.
You become transparent for a moment.
You see here a +0 plate armour.
d - a +0 plate armour
There is a stone staircase leading up here.
You start removing your armour.
You continue taking off your +0 scale mail. x2
You feel a little less clever now.
You continue taking off your +0 scale mail. x2
You finish taking off your +0 scale mail.
You start putting on your armour.
You continue putting on your +0 plate armour. x5
You finish putting on your +0 plate armour.
You start resting.
A dart slug comes into view.
A dart slug is nearby!
Grinder comes into view.
Found a scroll labelled HUESOA WA MORGH.
Grinder gestures at you.
You suddenly lose the ability to move!
Grinder gestures at you. Pain shoots through your body!
* * * LOW HITPOINT WARNING * * *
Grinder gestures at you.
You barely resist.
You can move again.
There is a staircase to the Ecumenical Temple here.
Grinder gestures at you. Pain shoots through your body!
You die...

...#.........
#.......###. ..###..#..
##.......# ..##.###..#..
.......... #.##..##..#..
.........###.##..##w....
.............#..>......
#.8.8.8..†?.#........
#..⌠.⌠..........#....
.#.8.@.8.##.........#.
...5..⌠.⌠...#........###
.?...8.8.8..:........#
#...........<....#####
#..####.......#### ..
..........# .
..........# .###.......#
#........#


You could see Grinder.

Vanquished Creatures
  A scorpion (D:4)
  An orc wizard (D:3)
  Robin (D:2)
  4 adders
  A dart slug (D:3)
  6 orcs (D:3)
  5 endoplasms
  3 giant cockroaches
  13 goblins
  10 hobgoblins
  3 jackals (D:1)
  2 quokkas (D:2)
  6 ball pythons
  5 bats
  3 frilled lizards
  6 kobolds
  5 rats
75 creatures vanquished.

Notes
Turn   | Place    | Note
-------+----------+-------------------------------------------
     0 | D:1      | zeram the Hill Orc Fighter began the quest for the Orb.
     0 | D:1      | Reached XP level 1. HP: 19/19 MP: 1/1
    58 | D:1      | Found Gimiwaugg's Assorted Antiques.
   156 | D:1      | Reached XP level 2. HP: 23/23 MP: 2/2
   313 | D:1      | Reached skill level 3 in Axes
   836 | D:2      | Reached XP level 3. HP: 30/30 MP: 3/3
  1463 | D:2      | Found a bloodstained altar of Trog.
  1479 | D:2      | Reached XP level 4. HP: 25/39 MP: 4/4
  1599 | D:2      | Identified the +1 helmet of Panentheism {-Tele rCorr Dex+8}
  1599 | D:2      | Noticed Robin
  1603 | D:2      | Reached skill level 4 in Axes
  1643 | D:2      | Killed Robin
  2118 | D:3      | Reached XP level 5. HP: 30/45 MP: 5/5
  2283 | D:3      | Reached skill level 5 in Axes
  2381 | D:3      | Found a faded altar of an unknown god.
  2547 | D:3      | Found an ornate altar of the Wu Jian Council.
  3290 | D:4      | Found a staircase to the Ecumenical Temple.
  3301 | D:4      | HP: 1/67 [scorpion (5)]
  3307 | D:4      | Reached XP level 6. HP: 5/51 MP: 6/6
  3310 | D:4      | HP: 3/76 [poisoned by a scorpion]
  3419 | D:4      | Noticed Grinder
  3420 | D:4      | Paralysed by Grinder for 4 turns
  3424 | D:4      | Killed from afar by Grinder

Illustrated notes

Levels and vault maps discovered:
D:1:      erik_arrival_orb_chamber, layout_basic, serial_shops, shop
D:2:      layout_loops_ring, basic_altar, uniq_robin
D:3:      layout_loops_cross, nicolae_wu_jian_glorious_leap,
          hellmonk_ecumenical_altar_blasted
D:4:      layout_cave_pools, mainiacjoe_overflow_chevrons,
          general_overflow_altar, minmay_temple_entry_statues_fountains,
          nicolae_shop_clearance, uniq_grinder

Skill      XL: |  1  2  3  4  5 |
---------------+----------------+-----
Axes           | 3 4 5 |  5.7
Armour         | 4 |  4.7
Shields        | 4 |  4.2
Fighting       | |  3.6
Dodging        | |  0.9

Action                   |  1- 3 |  4- 6 || total
-------------------------+-------+-------++-------
Melee: War axe           |    95 |   126 ||   221
  Use: Scroll            |     4 |       ||     4
       Potion            |       |     8 ||     8
Armor: Scale mail        |    38 |    80 ||   118
       Skin              |       |     4 ||     4
Dodge: Dodged            |    47 |    58 ||   105
Block: Buckler           |    18 |    32 ||    50
